 Dungeon Crawl Stone Soup version 0.19.5 (webtiles) character file.

108 empire the Slasher (level 4, -2/37 HPs)
             Began as a Draconian Warper on Mar 1, 2017.
             Was an Initiate of Sif Muna.
             Succumbed to Azzok's ghost's poison
             ... on level 4 of the Dungeon.
             The game lasted 00:04:49 (2585 turns).

empire the Slasher (Draconian Warper)               Turns: 2585, Time: 00:04:49

Health: -2/37      AC:  5    Str: 13    XL:     4   Next: 58%
Magic:  7/7        EV: 12    Int: 14    God:    Sif Muna [......]
Gold:   208        SH:  0    Dex: 11    Spells: 3 memorised, 0 levels left

rFire  . . .     SeeInvis .     a - +0 falchion
rCold  . . .     Gourm    .     (armour unavailable)
rNeg   . . .     Faith    .     (no shield)
rPois  .         Spirit   .     (helmet restricted)
rElec  .         Reflect  .     (no cloak)
rCorr  .         Harm     .     (no gloves)
MR     .....                    (no boots)
Stlth  +.........               (no amulet)
                                (no ring)
                                (no ring)

@: lethally poisoned (-2 -> -36), drained
A: unfitting armour, cold-blooded, AC +5
a: Renounce Religion


You were on level 4 of the Dungeon.
You worshipped Sif Muna.
Sif Muna was noncommittal.
You were hungry.

You visited 1 branch of the dungeon, and saw 4 of its levels.

You collected 208 gold pieces.

Inventory:

Hand Weapons
 a - a +0 falchion (weapon)
 i - a cursed -1 short sword
Missiles
 d - 5 tomahawks of dispersal (quivered)
Scrolls
 c - 2 scrolls of blinking
 l - 3 scrolls of remove curse {unknown}
 m - a scroll of identify {unknown}
 o - a scroll of immolation {unknown}
Books
 b - a book of Spatial Translocations

   Spells                             Type                      Level
   a - Blink                          Translocation                2
   b - Shroud of Golubria             Charms/Translocation         2
   c - Lesser Beckoning               Translocation                3
   d - Portal Projectile              Translocation                3
   e - Teleport Other                 Translocation                3
   f - Passage of Golubria            Translocation                4
 r - a book of Necromancy

   Spells                             Type                      Level
   a - Pain                           Necromancy                   1
   b - Animate Skeleton               Necromancy                   1
   c - Vampiric Draining              Necromancy                   3
   d - Regeneration                   Charms/Necromancy            3
   e - Animate Dead                   Necromancy                   4
   f - Control Undead                 Necromancy                   4
Comestibles
 f - 2 bread rations
 h - a slice of pizza
 k - a royal jelly
 n - 4 meat rations
 s - 3 chunks of flesh


   Skills:
 + Level 2.4(1.4) Fighting
 + Level 4.5(3.5) Long Blades
 - Level 0.8(0.0) Throwing
 + Level 2.3(1.3) Dodging
 - Level 2.0(1.0) Spellcasting
 + Level 3.1(2.1) Translocations


You couldn't memorise any spells.
You knew the following spells:

 Your Spells              Type           Power        Failure   Level  Hunger
a - Blink                 Tloc           N/A          21%         2    ###....
b - Shroud of Golubria    Chrm/Tloc      #.........   30%         2    ###....
c - Teleport Other        Tloc           #.......     38%         3    ####...


Dungeon Overview and Level Annotations

Branches:
Dungeon (4/15)
 Temple: D:4-7

Altars:
Dithmenos
Gozag
Hepliaklqana
Nemelex Xobeh
Sif Muna
Yredelemnul

Annotations:
D:4 Azzok's ghost, amateur MiFi


Innate Abilities, Weirdness & Mutations

Your plain brown scales are hard. (AC +5)
You cannot fit into any form of body armour.
You are cold-blooded and may be slowed by cold attacks.


Message History

Azzok's ghost hits you but does no damage.
The phantom barely misses you.
Unknown command.
You feel less invigorated.
You feel less confused.
* * * LOW HITPOINT WARNING * * *
You feel sick. Azzok's ghost misses you.
You riposte.
You barely miss Azzok's ghost.
Azzok's ghost is heavily damaged.
The phantom hits you.
* * * LOW HITPOINT WARNING * * *
You closely miss the phantom.
* * * LOW HITPOINT WARNING * * *
You feel very sick. Azzok's ghost misses you.
The phantom blinks!
Azzok's ghost hits you but does no damage.
You are more poisoned.
Unknown command.
You feel a little less agile now.
You die...

###..... ....#.# #
#...#.. ..#...#.#
....W#.# #######
##.###..#.###.....##
..........##...8...##
.###..W.#.........#
#...@#.⌠._._.⌠.#
#..#.#.........#
##.#.##...8...##
..#.###.....##
####.#.###'###
######.#.....##
#......#.#....#
#.###..###..#.#
#.......#.#


You could see a phantom and Azzok's ghost.

Vanquished Creatures
  A hound (D:4)
  An adder (D:2)
  An ooze (D:1)
  A worm (D:3)
  A leopard gecko (D:1)
  An orc (D:3)
  14 goblins
  9 hobgoblins
  4 jackals (D:2)
  5 kobolds
  7 bats
  6 frilled lizards
  4 rats
55 creatures vanquished.

Notes
Turn   | Place    | Note
-------+----------+-------------------------------------------
     0 | D:1      | empire the Draconian Warper began the quest for the Orb.
     0 | D:1      | Reached XP level 1. HP: 17/17 MP: 3/3
   231 | D:1      | Reached XP level 2. HP: 18/24 MP: 5/5
   258 | D:1      | Reached skill level 3 in Long Blades
   862 | D:2      | Found a hazy altar of Hepliaklqana.
   864 | D:2      | Found a basalt altar of Yredelemnul.
  1054 | D:2      | Reached XP level 3. HP: 28/29 MP: 6/6
  1364 | D:2      | Reached skill level 4 in Long Blades
  1811 | D:3      | Reached XP level 4. HP: 24/36 MP: 7/7
  2034 | D:3      | Found a shadowy altar of Dithmenos.
  2034 | D:3      | Found a deep blue altar of Sif Muna.
  2064 | D:3      | Became a worshipper of Sif Muna the Loreminder
  2297 | D:3      | Learned a level 2 spell: Blink
  2300 | D:3      | Learned a level 2 spell: Shroud of Golubria
  2304 | D:3      | Learned a level 3 spell: Teleport Other
  2369 | D:4      | Found a sparkling altar of Nemelex Xobeh.
  2369 | D:4      | Found an opulent altar of Gozag.
  2539 | D:4      | Noticed Azzok's ghost (amateur MiFi)
  2559 | D:4      | Noticed a phantom
  2574 | D:4      | HP: 1/37 [Azzok's ghost (5)]
  2584 | D:4      | HP: 1/37 [poisoned by Azzok's ghost]
  2585 | D:4      | Succumbed to Azzok's ghost's poison

Skill      XL: |  1  2  3 |
---------------+----------+-----
Long Blades    | 3 4 |  4.5
Fighting       | |  2.4
Throwing       | |  0.8
Dodging        | |  2.3
Spellcasting   | |  2.0
Translocations | |  3.1

Action                   |  1- 3 |  4- 6 || total
-------------------------+-------+-------++-------
Melee: Falchion          |   150 |    55 ||   205
       Tailslap          |    18 |    10 ||    28
  Use: Potion            |     2 |     7 ||     9
 Stab: Sleeping          |     1 |       ||     1
  Eat: Chunk             |     3 |     2 ||     5
Armor: Skin              |    49 |    14 ||    63
Dodge: Dodged            |   145 |    51 ||   196
       Rpst.: Falchion   |    41 |    15 ||    56
